 Dungeon Sprint DCSS version 0.19.0-11-g3fc08b3 (webtiles) character file.

916 NINUZHNO the Party-goer (level 7, -7/59 HPs)
             Began as a Demonspawn Fighter on Nov 8, 2016.
             Was an Elder of Uskayaw.
             Mangled by a two-headed ogre
             ... wielding a +0 giant club
              (22 damage)
             ... in the Dungeon (Sprint IX: "|||||||||||||||||||||||||||||").
             The game lasted 00:01:54 (330 turns).

NINUZHNO the Party-goer (Demonspawn Fighter)         Turns: 330, Time: 00:01:55

Health: -7/59      AC: 12    Str: 22    XL:     7   Next: 83%
Magic:  13/14      EV:  9    Int:  9    God:    Uskayaw [****..]
Gold:   0          SH: 11    Dex: 15    Spells: 0 memorised, 6 levels left

rFire  . . .     SeeInvis .     a - +0 long sword
rCold  . . .     Gourm    .     t - +2 ring mail
rNeg   . . .     Faith    .     c - +0 shield
rPois  .         Spirit   .     (helmet restricted)
rElec  .         Reflect  .     (no cloak)
rCorr  .         Harm     .     (no gloves)
MR     .....     NoTele   +     p - +0 pair of boots
Stlth  +.........               (no amulet)
                                s - +3 ring of dexterity
                                r - +3 ring of strength

@: no status effects
A: antennae 1, slimy green scales 2
a: Stomp, Line Pass, Renounce Religion


You were in the Dungeon.
You worshipped Uskayaw.
Uskayaw was aware of your devotion.
You were not hungry.

You visited 1 branch

Inventory:

Hand Weapons
 a - a +0 long sword (weapon)
Armour
 b - a +0 scale mail
 c - a +0 shield (worn)
 p - a +0 pair of boots (worn)
 q - a +0 helmet
 t - a +2 ring mail (worn)
Jewellery
 r - a +3 ring of strength (left hand)
 s - a +3 ring of dexterity (right hand)
Wands
 o - a wand of acid (7/15)
Scrolls
 k - 2 scrolls of blinking
 m - 3 scrolls of remove curse
 n - 2 scrolls of amnesia
Potions
 e - 5 potions of curing
 h - a potion of haste
 i - 4 potions of magic
 j - a potion of invisibility
Comestibles
 f - a bread ration
 l - 6 chunks of flesh


   Skills:
 + Level 6.4 Fighting
 * Level 9.9 Long Blades
 + Level 5.8 Armour
 + Level 7.4 Shields
 * Level 10.2 Invocations


You had 6 spell levels left.
You didn't know any spells.

Dungeon Overview and Level Annotations

Branches:
Dungeon (1/1)

Altars:
Cheibriados
Dithmenos
Elyvilon
Fedhas
Gozag
Hepliaklqana
Kikubaaqudgha
Makhleb
Nemelex Xobeh
Okawaru
Qazlal
Ru
Sif Muna
Trog
Uskayaw
Vehumet
Xom
Yredelemnul
Zin
The Shining One
Beogh
Jiyva
Lugonu


Innate Abilities, Weirdness & Mutations

You have a pair of small antennae on your head.
You are mostly covered in slimy green scales. (AC +3)


Message History

The vampire mosquito is no longer paralysed.
The cyclops hits you!
* * * LOW HITPOINT WARNING * * *
Uskayaw will force your foes to share their pain.
Uskayaw links your audience in an emotional bond!
You feel much better. The cyclops barely misses you.
You riposte.
You hit the cyclops.
You kill the cyclops!
Your Fighting skill increases to level 6!
Your Shields skill increases to level 7!
Your Invocations skill gained 2 levels and is now at level 10!
The two-headed ogre closely misses you. You block the two-headed ogre's attack.
Things that are here:
4 large rocks; a cyclops corpse You slash the two-headed ogre!
The two-headed ogre is severely wounded.
The two-headed ogre hits you with a giant club!!
* * * LOW HITPOINT WARNING * * *
The two-headed ogre hits you with a giant spiked club!!
You die...

▓)▓
▓.▓
▓.▓
▓.▓
▓.▓
▓.▓
▓(▓
▓'▓
▓@▓
▓O▓
▓O▓
▓{▓
▓y▓
▓Z▓
▓+▓


You could see a two-headed ogre, a vampire mosquito, an ogre and a bat skeleton.

Vanquished Creatures
  A cyclops (D)
  A two-headed ogre (D)
  A necrophage (D)
  2 ogres (D)
  A bullfrog (D)
  4 leopard geckos (D)
  A bat (D)
  2 giant cockroaches (D)
  A hobgoblin (D)
  A quokka (D)
  2 rats (D)
17 creatures vanquished.

Notes
Turn   | Place    | Note
-------+----------+-------------------------------------------
     0 | D        | NINUZHNO the Demonspawn Fighter began the quest for the Orb.
     0 | D        | Reached XP level 1. HP: 18/18 MP: 1/1
    49 | D        | Noticed an ogre
    54 | D        | Killed an ogre
    54 | D        | Reached skill level 5 in Shields
    54 | D        | Gained mutation: You are partially covered in slimy green scales. (AC +2) [demonic ancestry]
    54 | D        | Reached XP level 2. HP: 22/24 MP: 2/2
    54 | D        | Reached XP level 3. HP: 26/29 MP: 3/3
    54 | D        | Reached XP level 4. HP: 31/35 MP: 4/4
    77 | D        | Found a roughly hewn altar of Beogh.
    77 | D        | Found a snail-covered altar of Cheibriados.
    77 | D        | Found a shadowy altar of Dithmenos.
    77 | D        | Found a white marble altar of Elyvilon.
    77 | D        | Found a blossoming altar of Fedhas.
    77 | D        | Found an opulent altar of Gozag.
    78 | D        | Found a hazy altar of Hepliaklqana.
    79 | D        | Found a viscous altar of Jiyva.
    80 | D        | Found an ancient bone altar of Kikubaaqudgha.
    81 | D        | Found a corrupted altar of Lugonu.
    82 | D        | Found a burning altar of Makhleb.
    83 | D        | Found a sparkling altar of Nemelex Xobeh.
    84 | D        | Found an iron altar of Okawaru.
    85 | D        | Found a stormy altar of Qazlal.
    86 | D        | Found a sacrificial altar of Ru.
    87 | D        | Found a deep blue altar of Sif Muna.
    88 | D        | Found a bloodstained altar of Trog.
    89 | D        | Found a hide-covered altar of Uskayaw.
    90 | D        | Found a radiant altar of Vehumet.
    91 | D        | Found a shimmering altar of Xom.
    92 | D        | Found a basalt altar of Yredelemnul.
    93 | D        | Found a glowing silver altar of Zin.
    94 | D        | Found a glowing golden altar of the Shining One.
    97 | D        | Became a worshipper of Uskayaw the Reveler
   196 | D        | Noticed a two-headed ogre
   196 | D        | Noticed an ogre
   196 | D        | Noticed a bullfrog
   196 | D        | Noticed a necrophage
   198 | D        | Reached * piety under Uskayaw
   200 | D        | Reached ** piety under Uskayaw
   202 | D        | Killed a two-headed ogre
   202 | D        | Reached skill level 6 in Invocations
   202 | D        | Gained mutation: You have a pair of small antennae on your head. [demonic ancestry]
   202 | D        | Reached XP level 5. HP: 31/43 MP: 4/10
   202 | D        | Reached XP level 6. HP: 35/49 MP: 4/11
   204 | D        | Reached *** piety under Uskayaw
   206 | D        | Reached skill level 5 in Fighting
   206 | D        | Reached skill level 7 in Invocations
   208 | D        | Reached **** piety under Uskayaw
   209 | D        | Reached skill level 8 in Invocations
   211 | D        | Reached skill level 5 in Armour
   211 | D        | Gained mutation: You are mostly covered in slimy green scales. (AC +3) [demonic ancestry]
   211 | D        | Reached XP level 7. HP: 38/57 MP: 5/13
   211 | D        | Reached ***** piety under Uskayaw
   311 | D        | Noticed a cyclops
   311 | D        | Noticed a two-headed ogre
   311 | D        | Noticed a vampire
   311 | D        | Noticed a vampire mosquito
   328 | D        | Killed a cyclops
   328 | D        | Reached skill level 10 in Invocations
   330 | D        | Mangled by a two-headed ogre

Skill      XL: |  1  2  3  4  5  6  7 |
---------------+----------------------+-----
Long Blades    | 6 8 9 |  9.9
Shields        | 5 6 7 |  7.4
Fighting       | 4 5 6 |  6.4
Armour         | 4 5 |  5.8
Invocations    | 6 8 10 | 10.2

Action                   |  1- 3 |  4- 6 |  7- 9 || total
-------------------------+-------+-------+-------++-------
Melee: Long sword        |    16 |    24 |    15 ||    55
  Use: Potion            |     1 |     2 |     2 ||     5
 Stab: Paralysed         |       |     2 |     2 ||     4
Armor: Scale mail        |     6 |       |       ||     6
       Ring mail         |       |     4 |     1 ||     5
Dodge: Dodged            |     5 |     3 |     2 ||    10
Block: Shield            |     5 |     8 |     6 ||    19
       Rpst.: Long sword |     4 |     1 |     1 ||     6
